 Dungeon Crawl Stone Soup version 0.30-a0-913-g9934a0c (webtiles) character file.

Game seed: 13786514116188457913

9296 Nithhogg the Cleaver (level 11, -5/99 HPs)
             Began as a Hill Orc Fighter on Mar 19, 2023.
             Was a Priest of the Shining One.
             Killed from afar by a gargoyle (17 damage)
             ... with a stone arrow
             ... on level 11 of the Dungeon.
             The game lasted 00:16:34 (10769 turns).

Nithhogg the Cleaver (Hill Orc Fighter)            Turns: 10769, Time: 00:16:34

Health: -5/99      AC:  7    Str: 26    XL:     11   Next: 44%
Magic:  27/27      EV: 11    Int: 11    God:    the Shining One [***...]
Gold:   494        SH:  0    Dex: 10    Spells: 10/10 levels left

rFire   + + +      SeeInvis .    D - +3 battleaxe
rCold   x . .      Faith    .    (shield currently unavailable)
rNeg    + . .      Spirit   .    G - +3 salamander hide armour {Flames, rFlCloud rF++ rC--}
rPois   .          Reflect  .    (no helmet)
rElec   .          Rampage  .    r - scarf {rC+ rF+}
rCorr   +                        (no gloves)
Will    +....                    (no boots)
Stlth   +                        (no amulet)
HPRegen 0.36/turn                L - ring of Emuce {Will+ rCorr MP+9 Str+2 Int+3}
MPRegen 0.20/turn                (no ring)

@: about to teleport, spiked, glowing
A: no striking features
a: Renounce Religion, Divine Shield, Cleansing Flame


You were on level 11 of the Dungeon.
You worshipped the Shining One.
The Shining One was most pleased with you.
You visited 2 branches of the dungeon, and saw 12 of its levels.

You collected 494 gold pieces.

Inventory:

Hand Weapons
 a - a +0 war axe
 d - the +2 great sword "Fitetath" {venom, Str+4 Int+2 Dex+3}
   (You found it on level 9 of the Dungeon)

   Str:       It affects your strength (+4).
   Int:       It affects your intelligence (+2).
   Dex:       It affects your dexterity (+3).
 i - a +4 flail of freezing
 o - the +5 Force Lance {heavy, knockback}
   (You found it on level 3 of the Dungeon)
 D - a +3 battleaxe (weapon)
Armour
 b - a +0 scale mail
 c - a +0 buckler
 r - a scarf of resistance (worn)
 y - a +1 scale mail of fire resistance
 G - the +3 salamander hide armour (worn) {Flames, rFlCloud rF++ rC--}
   (You found it on level 9 of the Dungeon)

   Flames:    It surrounds you with flame clouds and enhances your fire magic.
   rFlCloud:  It grants immunity to flame clouds.
   rF:        It greatly protects you from fire.
   rC:        It makes you very vulnerable to cold.
Jewellery
 f - a ring of protection from fire
 q - a ring of resist corrosion
 t - a ring of fire
 L - the ring of Emuce (left hand) {Will+ rCorr MP+9 Str+2 Int+3}
   (You found it on level 11 of the Dungeon)

   [ring of magical power]

   Str:       It affects your strength (+2).
   Int:       It affects your intelligence (+3).
   MP:        It affects your magic capacity (+9).
   rCorr:     It protects you from acid and corrosion.
   Will:      It increases your willpower.
Wands
 A - a wand of acid (7)
 H - a wand of flame (9)
 K - a wand of iceblast (6)
 M - a wand of charming (3)
Scrolls
 g - 3 scrolls of poison
 h - 3 scrolls of teleportation
 m - 3 scrolls of magic mapping
 v - 2 scrolls of enchant weapon
 x - 2 scrolls of identify
 E - a scroll of noise
 F - a scroll of immolation
Potions
 e - 2 potions of resistance
 j - 2 potions of cancellation
 k - 3 potions of lignification
 l - 5 potions of curing
 n - 4 potions of brilliance {unknown}
 p - 2 potions of degeneration {unknown}
 s - a potion of haste {unknown}
 u - a potion of invisibility {unknown}
 w - 2 potions of berserk rage
 z - 2 potions of flight {unknown}
 B - a potion of experience {unknown}
 C - 2 potions of attraction {unknown}


   Skills:
 + Level 10.1 Fighting
 * Level 14.5 Axes
 + Level 9.3 Armour
 - Level 3.2 Shields
 + Level 10.2 Invocations


You had 10 spell levels left.
You didn't know any spells.
Your spell library contained the following spells:

 Spells                   Type           Power      Damage    Failure   Level
 Apportation              Tloc           0%         N/A       36%         1
 Summon Small Mammal      Summ           0%         N/A       36%         1
 Call Canine Familiar     Summ           0%         N/A       75%         3
 Portal Projectile        Hex/Tloc       0%         N/A       75%         3
 Summon Guardian Golem    Hex/Summ       0%         N/A       75%         3
 Leda's Liquefaction      Hex/Erth       0%         N/A       98%         4
 Alistair's Intoxication  Tmut/Pois      0%         N/A       100%        5
 Lee's Rapid Deconstruct  Erth           0%         3d4*      100%        5
 Statue Form              Tmut/Erth      0%         N/A       100%        6


Dungeon Overview and Level Annotations

Branches:
Dungeon (11/15)            Temple (1/1) D:5            Lair (0/5) D:11
    Orc (0/2) D:9

Altars:
Ashenzari
Cheibriados
Dithmenos
Elyvilon
Fedhas
Gozag
Hepliaklqana
Kikubaaqudgha
Makhleb
Nemelex Xobeh
Okawaru
Qazlal
Ru
Sif Muna
Trog
Uskayaw
Vehumet
Wu Jian
Xom
Yredelemnul
Zin
The Shining One

Shops:
D:1 [   D:4 *   D:5 :   D:9 *   D:10 ?

Annotations:
D:8 3 runed translucent doors, AlexanderH's ghost, novice DrEE


Message History

The manticore bites you but does no damage.
The manticore misses you.
The manticore claws you but does no damage.
The manticore is engulfed in blazing flames.
The boulder beetle is engulfed in blazing flames.
The manticore is engulfed in blazing flames.
The manticore flicks its tail.
The volley of spikes hits you!
The barbed spikes become lodged in your body.
* * * LOW HITPOINT WARNING * * *
As you read the scroll labelled UTUCWE WAALUKI, it crumbles to dust.
It is a scroll of enchant armour.
Your +0 scale mail of fire resistance glows green for a moment.
The manticore is engulfed in blazing flames.
You kill the manticore!
Press: ? - help, v - describe, . - travel
Here: a boulder beetle (moderately wounded, haloed)
The floor.
Okay, then.
Blink to where?
Press: ? - help, Dir - move target
As you read the scroll labelled JEIQECZ PYTISM, it crumbles to dust.
It was a scroll of blinking.
A gargoyle comes into view. It is wielding a +0 flail.
The barbs in your skin will harm you if you move.
Continue? [Y]es or [N]o only, please.
The barbs in your skin will harm you if you move.
Continue?
Okay, then.
As you read the scroll of teleportation, it crumbles to dust.
You feel strangely unstable.
As you read the scroll of identify, it crumbles to dust.
k - 3 potions of lignification The gargoyle hurls a stone arrow at you.
The stone arrow hits you!
* * * LOW HITPOINT WARNING * * *
The boulder beetle leaps!
It was a potion of curing.
You feel better.
The gargoyle hurls a stone arrow at you.
The stone arrow hits you!
You die...

.P.PP..P.....PP
PP.P....PP.........#.#
.P.P....>...B.PP...#.#
.PP..P.P..PPPP.P.....##
.PPP.P..PP.PP.P..P....#
...PP.?.$..PP.P.P.....
........†.PPPP..P...
.P..P......P...☼☼○#
.............P.§@#
...††....○.....#○#
.#...†.........#9#
#.###########.... #..#
#.# ##.## #.# #...# #.#
##.## #.# ##.##


You could see a boulder beetle and a gargoyle.

Vanquished Creatures
  Pikel (D:9)
  A manticore (D:11)
  4 kobold demonologists (D:10)
  A komodo dragon (D:11)
  2 trolls (D:9)
  A hornet (D:10)
  Prince Ribbit (D:6)
  A wyvern (D:8)
  6 yaks (D:10)
  A steam dragon (D:8)
  8 vampire mosquitoes
  Menkaure (D:6)
  An acid dragon (D:6)
  3 water moccasins
  A sky beast (D:7)
  2 orc warriors
  3 black bears (D:11)
  An ogre (D:4)
  A phantom (D:5)
  4 kobold brigands
  5 bullfrogs
  2 scorpions
  11 wights
  19 killer bees
  3 howler monkeys (D:9)
  A jelly (D:5)
  A hound (D:5)
  3 orc priests
  2 gnoll boudas
  A sleepcap (D:5)
  Jessica (D:2)
  Terence (D:3)
  3 iguanas
  3 orc wizards
  11 adders
  13 gnolls
  2 shadow imps (D:5)
  3 ufetubi
  2 worms
  3 dart slugs
  22 orcs
  2 bats (D:1)
  7 endoplasms
  A giant cockroach (D:4)
  5 goblins
  5 hobgoblins
  3 jackals (D:4)
  3 quokkas
  8 ball pythons
  17 kobolds
  3 rats
210 creatures vanquished.

Vanquished Creatures (others)
  28 fungi (D:11)
  18 plants (D:11)
46 creatures vanquished.

Grand Total: 256 creatures vanquished

Notes
Turn   | Place    | Note
-------+----------+-------------------------------------------
     0 | D:1      | Nithhogg the Hill Orc Fighter began the quest for the Orb.
     0 | D:1      | Reached XP level 1. HP: 19/19 MP: 1/1
   122 | D:1      | Reached skill level 3 in Axes
   137 | D:1      | Reached XP level 2. HP: 25/27 MP: 2/2
   252 | D:1      | Found Laqorpho's Antique Armour Shoppe.
   295 | D:1      | Reached skill level 1 in Invocations
   621 | D:2      | Reached XP level 3. HP: 14/33 MP: 2/4
   881 | D:2      | Noticed Jessica
   883 | D:2      | Killed Jessica
   884 | D:2      | Reached skill level 4 in Axes
   884 | D:2      | Reached XP level 4. HP: 40/40 MP: 5/5
  1288 | D:3      | Noticed Terence
  1298 | D:3      | Killed Terence
  1315 | D:3      | Reached XP level 5. HP: 47/47 MP: 6/6
  1428 | D:3      | Found the +5 Force Lance {heavy, knockback}
  1803 | D:4      | Reached skill level 5 in Axes
  1847 | D:4      | Noticed an ogre
  1853 | D:4      | Killed an ogre
  1854 | D:4      | Reached XP level 6. HP: 24/55 MP: 6/8
  2190 | D:4      | Found Qiciy's Serpentskin Sales.
  2722 | D:5      | Entered Level 5 of the Dungeon
  2724 | D:5      | Found Ciufir's Self-Improvement Boutique.
  2794 | D:5      | Reached skill level 5 in Fighting
  2806 | D:5      | Reached skill level 6 in Axes
  3063 | D:5      | Reached XP level 7. HP: 61/61 MP: 9/9
  3113 | D:5      | Reached skill level 5 in Armour
  3115 | D:5      | Reached skill level 7 in Axes
  3749 | D:5      | Found a staircase to the Ecumenical Temple.
  3796 | Temple   | Entered the Ecumenical Temple
  4170 | Temple   | Became a worshipper of the Shining One
  4675 | D:6      | HP: 2/62 [orc/+0 hand axe (2)]
  4987 | D:6      | Noticed Prince Ribbit
  4994 | D:6      | Killed Prince Ribbit
  4995 | D:6      | Reached skill level 8 in Axes
  4995 | D:6      | Reached skill level 5 in Invocations
  4995 | D:6      | Reached XP level 8. HP: 70/70 MP: 11/11
  5143 | D:6      | HP: 2/70 [orc warrior/+0 halberd (8)]
  5166 | D:6      | Found a bloodstained altar of Trog.
  5598 | D:6      | Noticed Menkaure
  5606 | D:6      | Killed Menkaure
  5810 | D:6      | Reached skill level 9 in Axes
  6486 | D:7      | Reached XP level 9. HP: 38/79 MP: 13/13
  6664 | D:7      | Reached * piety under the Shining One
  6677 | D:7      | Reached skill level 10 in Axes
  7185 | D:8      | Found a runed translucent gate.
  7185 | D:8      | Found a runed translucent gate.
  7185 | D:8      | Found a runed translucent gate.
  7197 | D:8      | Noticed AlexanderH's ghost (novice DrEE)
  7198 | D:8      | Noticed a spectral unseen horror
  7674 | D:8      | Reached skill level 11 in Axes
  7952 | D:9      | Noticed a troll
  7968 | D:9      | Killed a troll
  8174 | D:9      | Found the +3 salamander hide armour {Flames, rFlCloud rF++
                  | rC--}
  8186 | D:9      | Noticed a troll
  8188 | D:9      | Reached ** piety under the Shining One
  8352 | D:9      | Killed a troll
  8353 | D:9      | Reached XP level 10. HP: 63/88 MP: 15/15
  8421 | D:9      | Identified the +2 great sword "Fitetath" {venom, Str+4
                  | Int+2 Dex+3}
  8504 | D:9      | Found a staircase to the Orcish Mines.
  8505 | D:9      | Found a sacrificial altar of Ru.
  8517 | D:9      | Noticed Pikel
  8530 | D:9      | Killed Pikel
  8531 | D:9      | Reached skill level 12 in Axes
  9113 | D:9      | Found Ruihiwn's Mass Market.
  9364 | D:10     | Entered Level 10 of the Dungeon
  9372 | D:10     | Reached skill level 13 in Axes
  9415 | D:10     | Noticed a kobold demonologist
  9422 | D:10     | Killed a kobold demonologist
  9657 | D:10     | Noticed a kobold demonologist
  9660 | D:10     | Noticed a kobold demonologist
  9661 | D:10     | Noticed a kobold demonologist
  9663 | D:10     | Killed a kobold demonologist
  9666 | D:10     | Noticed a smoke demon
  9667 | D:10     | Killed a kobold demonologist
  9668 | D:10     | Reached XP level 11. HP: 66/97 MP: 16/18
  9937 | D:10     | Found Feirpheum's Magic Scroll Emporium.
 10236 | D:10     | Reached skill level 14 in Axes
 10492 | D:10     | Reached *** piety under the Shining One
 10652 | D:11     | Identified the ring of Emuce {Will+ rCorr MP+9 Str+2 Int+3}
 10738 | D:11     | Noticed a boulder beetle
 10750 | D:11     | Reached skill level 10 in Fighting
 10750 | D:11     | Reached skill level 10 in Invocations
 10754 | D:11     | Found a staircase to the Lair.
 10756 | D:11     | Noticed a manticore
 10765 | D:11     | Killed a manticore
 10768 | D:11     | HP: 2/99 [gargoyle/stone arrow (11)]
 10769 | D:11     | Killed from afar by a gargoyle

Illustrated notes

Levels and vault maps discovered:
D:1:      minmay_arrival_radiant_lines, layout_rooms, serial_shops, shop,
          nicolae_kite_square_tiling_tiny, dreamdust_princess_bridge
D:2:      layout_basic, uniq_jessica
D:3:      layout_rooms, uniq_terence
D:4:      layout_gridville, serial_park_tiny_2, guppyfry_shop_venom
D:5:      layout_loops_ring, minmay_temple_entry_fiery, nicolae_shop_self_help
D:6:      layout_layer_cave, general_overflow_altar, grunt_decor_junction,
          uniq_menkaure, uniq_prince_ribbit1
D:7:      layout_basic, grunt_decor_cap, dk_vineyard_1
D:8:      layout_cave_pools, gammafunk_ghost_necromancy
D:9:      layout_cave_pools, lemuel_crystal_altar, orc_0_dummy,
          serial_column_ruins, column_ruins_pillar_3, column_ruins_pillar_7,
          column_ruins_pillar_1, column_ruins_pillar_6, column_ruins_pillar_2,
          column_ruins_pillar_8, column_ruins_pillar_5, column_ruins_pillar_1,
          column_ruins_pillar_3, column_ruins_pillar_1, minmay_shop_mass,
          moated_statue, minmay_strange_pillars, uniq_pikel
D:10:     layout_stronghold, serial_shops, nicolae_shop_crystal
D:11:     layout_loops_ring, due_lair_maze_entry_diamond, serial_shops, shop,
          amcnicky_mini_corridor_feature, onia_ninara_dug_in_and_dangerous
Temple:   mainiacjoe_temple_big_plus

Skill      XL: |  1  2  3  4  5  6  7  8  9 10 11 |
---------------+----------------------------------+-----
Axes           | 3 4 5 6 8 9 11 13 14 | 14.5
Invocations    | 1 2 3 5 6 7 9 10 | 10.2
Fighting       | 4 5 6 7 8 9 10 | 10.1
Armour         | 4 5 6 7 8 9 |  9.3
Shields        | |  3.2

Action                     |  1- 3 |  4- 6 |  7- 9 | 10-12 || total
---------------------------+-------+-------+-------+-------++-------
  Melee: War axe           |    69 |    23 |       |       ||    92
         Punch             |     1 |     1 |     1 |       ||     3
         Hand axe          |       |    26 |       |       ||    26
         Lance             |       |    71 |   116 |       ||   187
         Battleaxe         |       |       |    76 |    54 ||   130
    Use: Scroll            |     3 |     1 |     7 |     4 ||    15
         Potion            |       |       |     7 |     1 ||     8
 Armour: Scale mail        |    48 |    43 |    79 |       ||   170
         Leather armour    |       |       |       |    20 ||    20
  Dodge: Dodged            |    30 |    61 |   143 |    40 ||   274

Table legend: (Time is in decaauts)
 A = Elapsed time spent in this place.
 B = Non-inter-level travel time spent in this place.
 C = Inter-level travel time spent in this place.
 D = Time resting spent in this place.
 E = Time spent auto-exploring this place.
 F = Levels seen in this place.
 G = Mean time per level.
                   A        B        C        D        E       F      G
               +--------+--------+--------+--------+--------+-----+--------+
         Total |  10932 |  10587 |    345 |   1670 |   7505 |  12 |  911.0 |
       Dungeon |  10527 |  10213 |    314 |   1670 |   7141 |  11 |  957.0 |
        Temple |    404 |    374 |     30 |      0 |    364 |   1 |  404.0 |
               +--------+--------+--------+--------+--------+-----+--------+

Top non-repeatable levels by time:
     D:6: 1984 daAuts
    D:10: 1306 daAuts
     D:5: 1253 daAuts
     D:9: 1110 daAuts
     D:8: 1099 daAuts
     D:4: 987 daAuts
     D:7: 838 daAuts
     D:2: 679 daAuts
     D:1: 624 daAuts
     D:3: 517 daAuts
  Temple: 404 daAuts
    D:11: 125 daAuts
